 Dungeon Crawl Stone Soup version 0.31-a0-164-g2312942fda (webtiles) character file.

Game seed: 2747259424246303071

23933 qw the Marksgargoyle (level 13, -2/82 HPs)
             Began as a Gargoyle Hunter on June 13, 2023.
             Was a High Priest of Okawaru.
             Slain by an elephant (9 damage)
             ... in a Gauntlet.
             The game lasted 00:05:14 (10100 turns).

qw the Marksgargoyle (Gargoyle Hunter)             Turns: 10100, Time: 00:05:15

Health: -2/82      AC: 16    Str: 15    XL:     13   Next: 9%
Magic:  20/20      EV: 27    Int: 11    God:    Okawaru [*****.]
Gold:   766        SH:  5    Dex: 25    Spells: 12/12 levels left

rFire   + . .        Y - +1 orcbow
rCold   + . .        (shield currently unavailable)
rNeg    + . .        j - +1 leather armour of Foolhardiness {rPois Dex+2 Slay+3 Stlth+}
rPois   inf          k - +1 hat {Will+}
rElec   +            g - scarf {rC+ rF+}
rCorr   .            (no gloves)
SInv    .            b - +0 pair of boots
Will    +....        i - amulet of reflection
Stlth   +++++        d - +5 ring of evasion
HPRegen 0.33/turn    n - +6 ring of dexterity
MPRegen 0.17/turn

%: no teleportation, reflection
@: heroic
A: sickness immunity, AC +9, negative energy resistance 1, electricity
resistance, torment resistance 1, petrification resistance
a: Renounce Religion, Heroism, Finesse, Duel


You were in a Gauntlet.
You worshipped Okawaru.
Okawaru was extremely pleased with you.
You visited 2 branches of the dungeon, and saw 12 of its levels.
You also visited: Gauntlet.

You collected 766 gold pieces.


Innate Abilities, Weirdness & Mutations

You are immune to sickness and miasma.
Your stone body is resilient. (AC +9)
You are immune to poison.
You resist negative energy. (rN+)
You are resistant to electric shocks. (rElec)
You are resistant to unholy torment.
You are immune to petrification.


   Skills:
 - Level 10.0(15.0) Fighting
 - Level 16.0(21.0) Ranged Weapons
 - Level 2.4(7.4) Armour
 + Level 6.7(11.7) Dodging
 - Level 1.1(6.1) Stealth
 - Level 10.0 Invocations


You had 12 spell levels left.
You didn't know any spells.
Your spell library was empty.

Inventory:

Hand Weapons
 Y - a +1 orcbow (weapon)
Armour
 b - a +0 pair of boots (worn)
 c - a +2 robe of fire resistance
 g - a scarf of resistance (worn)
 j - the +1 leather armour of Foolhardiness (worn) {rPois Dex+2 Slay+3 Stlth+}
   (You found it on level 2 of the Dungeon)

   Dex:       It affects your dexterity (+2).
   Slay:      It affects your accuracy & damage with ranged weapons and melee
   (+3).
   rPois:     It protects you from poison.
   Stlth:     It makes you more stealthy.
 k - a +1 hat of willpower (worn)
 l - the +2 hat "Cotamavyi" {Harm Regen+ Str-3 Slay+5}
   (Okawaru gifted it to you on level 3 of the Lair of Beasts)

   Str:       It affects your strength (-3).
   Slay:      It affects your accuracy & damage with ranged weapons and melee
   (+5).
   Regen:     It increases your rate of health regeneration.
   Harm:      It increases damage dealt and taken.
Jewellery
 d - a +5 ring of evasion (left hand)
 i - an amulet of reflection (around neck)
 n - a +6 ring of dexterity (right hand)
Wands
 e - a wand of digging (5)
Scrolls
 a - 3 scrolls of identify
Potions
 f - 4 potions of curing
 h - a potion of might
 m - a potion of cancellation
 o - 6 potions of mutation

Dungeon Overview and Level Annotations

Branches:
Dungeon (9/15)             Temple (0/1) D:7            Lair (3/5) D:9
 Spider (0/4) Lair:3      Gauntlet (1/1)
  Swamp: Lair:2-3    Shoals: Lair:2-3       Orc: D:9-12

Altars:
Ashenzari
Dithmenos
Kikubaaqudgha
Nemelex Xobeh
Okawaru
Ru
The Shining One
Jiyva

Annotations:
D:4 2 transporters, qw's ghost, amateur GrHu
D:8 3 runed translucent doors, qw's ghost, novice GrFi
D:9 1 runed translucent door, qw's ghost, novice GrFi Gauntlet 17 runed translucent doors, 11 transporters


Message History

You shoot an arrow. The arrow hits the dire elephant.
The dire elephant is almost dead.
You shoot an arrow.
The arrow hits the dire elephant but does no damage.
The dire elephant is almost dead.
The dire elephant tramples you!!
You stumble backwards!
You shoot an arrow. The arrow hits the dire elephant!!
The dire elephant is almost dead.
You shoot an arrow. The arrow hits the dire elephant.
You kill the dire elephant!
Okawaru accepts your kill.
You shoot an arrow. The arrow hits the elephant!
The elephant is moderately wounded.
You shoot an arrow. The arrow hits the elephant!
The elephant is heavily wounded.
The elephant completely misses you. The elephant barely misses you. x2
The elephant trunk-slaps you.
You shoot an arrow. The arrow hits the elephant!!
The elephant is severely wounded.
The elephant closely misses you. The elephant misses you.
The elephant closely misses you. The elephant barely misses you.
You shoot an arrow. The arrow hits the elephant!
The elephant is almost dead.
You shoot an arrow. The arrow hits the elephant!!
You kill the elephant!
Okawaru accepts your kill.
You shoot an arrow. The arrow hits the elephant.
The elephant is lightly wounded.
The elephant tramples you.
You hold your ground!
The elephant completely misses you. x2; The elephant misses you.
You shoot an arrow. The arrow hits the elephant!
The elephant is lightly wounded.
You shoot an arrow. The arrow hits the elephant!
The elephant is moderately wounded.
The elephant closely misses you. The elephant misses you.
The elephant completely misses you. You block the elephant's attack.
You shoot an arrow. The arrow hits the elephant.
The elephant is heavily wounded.
The elephant completely misses you. x2; The elephant tramples you!
You die...

.......8.....8.....8.##
8..................¤..##
........###########...~#
#####...#...+..+..#...##
..###...#...+..+..#.\.~#
.########$.##++#++#...##
...9#...#..'...+..#...¤#
^.#9#^.^#^.'...#Y^#^8.##
.##.#...#|.'...Y@.#...¤#
.##.#####=.##++#++#...##
....#...#...+..+..#.\.~#
#####...#...+..+..#..¤##
........###########..¤¤#
8.....................##
.......8.....8.....8¤##
######...............¤#
....h#...#########...##


You could see 2 elephants.

Vanquished Creatures
  Gastronok (D:8)
  A dire elephant (Gauntlet)
  A pharaoh ant (Lair:3)
  A skyshark (Lair:3)
  An elephant (Gauntlet)
  A black mamba (Lair:2)
  8 cane toads
  2 torpor snails
  An unseen horror (D:8)
  3 komodo dragons
  A polar bear (Lair:2)
  A hornet (D:8)
  13 blink frogs
  A tarantella (Lair:3)
  Prince Ribbit (D:8)
  2 dream sheep (Lair:3)
  27 yaks
  3 basilisks
  5 wyverns
  3 steam dragons
  3 redbacks (Lair:3)
  14 water moccasins
  7 orc warriors
  Duvessa (D:4)
  4 black bears
  A sky beast (D:6)
  2 ice beasts (D:4)
  3 centaurs
  10 wolves
  2 phantoms
  A kobold brigand (D:8)
  6 scorpions
  13 bullfrogs
  Dowan (D:4)
  13 killer bees
  An electric eel (Lair:1)
  3 howler monkeys
  4 hounds
  3 jellies
  8 orc priests
  2 gnoll boudas (D:7)
  4 iguanas
  10 orc wizards
  9 gnolls (D:7)
  8 adders
  An ufetubus (D:6)
  2 worms
  A dart slug (D:1)
  49 orcs
  4 ball pythons
  3 bats (D:1)
  5 endoplasms
  10 goblins
  12 hobgoblins
  9 jackals (D:4)
  13 kobolds
  5 frilled lizards
  3 rats
327 creatures vanquished.

Notes
Turn   | Place    | Note
-------+----------+-------------------------------------------
     0 | D:1      | qw the Gargoyle Hunter began the quest for the Orb.
     0 | D:1      | Reached XP level 1. HP: 12/12 MP: 1/1
     0 | D:1      | 0 ||| qw: Version: 0.2-a-29-gc1b59c4
     0 | D:1      | 0 ||| qw: Game counter: 4455
     0 | D:1      | 0 ||| qw: Always use a shield: true
     0 | D:1      | 0 ||| qw: God list: Okawaru
     0 | D:1      | 0 ||| qw: Allow faded altars: false
     0 | D:1      | 0 ||| qw: Do Orc after D:15 true
     0 | D:1      | 0 ||| qw: Do second Lair branch before Depths: true
     0 | D:1      | 0 ||| qw: Lair rune preference: random
     0 | D:1      | 0 ||| qw: Plans: Normal, Zot:1-4, Slime:5, God:TSO, Crypt,
                  | Tomb, Abyss, Pan, Hells, Win
     0 | D:1      | 0 ||| PLANNING D:1-11
   157 | D:1      | You fall into a shaft and drop 1 floor!
   177 | D:2      | 177 ||| UPGRADING to +5 ring of evasion.
   178 | D:2      | 178 ||| READING scroll labelled TUCUTR ENOETRE.
   179 | D:2      | 179 ||| READING scroll labelled XIDIYD ROCOO.
   185 | D:2      | 185 ||| DROPPING scroll of butterflies.
   238 | D:1      | Reached XP level 2. HP: 17/17 MP: 2/2
   330 | D:1      | 330 ||| Stepping ~*~*~tactically~*~*~ (water).
   436 | D:1      | Found a faded altar of an unknown god.
   502 | D:1      | 502 ||| Stepping ~*~*~tactically~*~*~ (water).
   904 | D:1      | 904 ||| UPGRADING to +0 pair of boots.
  1154 | D:2      | Reached XP level 3. HP: 21/21 MP: 3/3
  1154 | D:2      | Identified the +1 leather armour of Foolhardiness {rPois
                  | Dex+2 Slay+3 Stlth+}
  1345 | D:2      | 1345 ||| UPGRADING to scarf of resistance.
  1350 | D:2      | 1350 ||| UPGRADING to +0 ring mail.
  1360 | D:2      | 1360 ||| DROPPING +0 leather armour.
  1361 | D:2      | 1361 ||| UPGRADING to +1 leather armour of Foolhardiness
                  | {rPois Dex+2 Slay+3 Stlth+}.
  1371 | D:2      | 1371 ||| DROPPING +0 ring mail.
  1372 | D:2      | 1372 ||| READING scroll labelled JEITHR IRCHA.
  1373 | D:2      | 1373 ||| READING scroll labelled NUZEOXUDIO.
  1374 | D:2      | 1374 ||| READING scroll labelled ENLAFU BIZUOSE.
  1378 | D:2      | 1378 ||| READING scroll labelled NENEYRR AMEIDD.
  1430 | D:3      | Reached skill level 5 in Ranged Weapons
  1467 | D:3      | Reached skill level 3 in Fighting
  1467 | D:3      | Reached XP level 4. HP: 28/28 MP: 4/4
  1996 | D:3      | 1996 ||| READING scroll labelled FAUTRY IMOL.
  2031 | D:4      | Reached XP level 5. HP: 32/32 MP: 5/5
  2081 | D:4      | 2081 ||| READING scroll of enchant weapon.
  2081 | D:4      | 2081 ||| ENCHANTING +1 shortbow.
  2098 | D:4      | Reached skill level 6 in Ranged Weapons
  2130 | D:4      | Reached skill level 1 in Armour
  2152 | D:4      | Reached XP level 6. HP: 39/39 MP: 6/6
  2274 | D:4      | 2274 ||| DRINKING 2 yellow potions.
  2312 | D:4      | Found a transporter.
  2314 | D:4      | Noticed qw's ghost (amateur GrHu)
  2319 | D:4      | Reached skill level 7 in Ranged Weapons
  2323 | D:4      | Found a transporter.
  2333 | D:4      | Reached XP level 7. HP: 44/44 MP: 7/7
  2637 | D:4      | 2637 ||| DRINKING 2 lumpy puce potions.
  2675 | D:5      | Entered Level 5 of the Dungeon
  2675 | D:5      | Noticed Duvessa
  2677 | D:5      | Noticed Dowan
  2682 | D:5      | 2682 ||| STAIRDANCE
  2690 | D:4      | Reached skill level 8 in Ranged Weapons
  2770 | D:5      | 2770 ||| STAIRDANCE
  2785 | D:4      | Reached XP level 8. HP: 27/50 MP: 8/8
  2907 | D:5      | 2907 ||| STAIRDANCE
  2911 | D:4      | 2911 ||| Stepping ~*~*~tactically~*~*~ (outnumbered).
  2914 | D:4      | HP: 11/50 [Duvessa/+0 rapier (4)]
  2915 | D:4      | 2915 ||| DRINKING potion of heal wounds.
  2919 | D:4      | Killed Duvessa
  2920 | D:4      | Reached skill level 9 in Ranged Weapons
  2923 | D:4      | Killed Dowan
  2969 | D:4      | 2969 ||| FLEEEEING.
  3075 | D:5      | 3075 ||| FLEEEEING.
  3076 | D:5      | 3076 ||| FLEEEEING.
  3077 | D:5      | 3077 ||| FLEEEEING.
  3078 | D:5      | 3078 ||| FLEEEEING.
  3079 | D:5      | 3079 ||| FLEEEEING.
  3080 | D:5      | 3080 ||| FLEEEEING.
  3081 | D:5      | 3081 ||| FLEEEEING.
  3082 | D:5      | 3082 ||| FLEEEEING.
  3083 | D:5      | 3083 ||| FLEEEEING.
  3084 | D:5      | 3084 ||| FLEEEEING.
  3085 | D:5      | 3085 ||| FLEEEEING.
  3086 | D:5      | 3086 ||| FLEEEEING.
  3087 | D:5      | 3087 ||| FLEEEEING.
  3088 | D:5      | 3088 ||| FLEEEEING.
  3089 | D:5      | 3089 ||| FLEEEEING.
  3090 | D:5      | 3090 ||| FLEEEEING.
  3091 | D:5      | 3091 ||| STAIRDANCE
  3200 | D:5      | 3200 ||| STAIRDANCE
  3203 | D:4      | Reached skill level 6 in Fighting
  3239 | D:5      | 3239 ||| Stepping ~*~*~tactically~*~*~ (outnumbered).
  3608 | D:5      | 3608 ||| UPGRADING to amulet of reflection.
  3613 | D:5      | 3613 ||| READING scroll labelled RANNOIGAEPT.
  3787 | D:6      | Reached skill level 10 in Ranged Weapons
  3820 | D:6      | 3820 ||| DROPPING ring of flight.
  3821 | D:6      | 3821 ||| READING scroll labelled ORRAECZANN.
  3826 | D:6      | Reached XP level 9. HP: 56/56 MP: 9/9
  3832 | D:5      | Found an iron altar of Okawaru.
  3832 | D:5      | Found a sacrificial altar of Ru.
  3833 | D:5      | 3833 ||| PLANNING OKAWARU WORSHIP
  3841 | D:5      | Became a worshipper of Warmaster Okawaru
  3841 | D:5      | 3841 ||| PLANNING D:1-11
  3852 | D:6      | Identified the +2 tower shield "Otomn" {MP+9 Dex+3 SInv}
  3877 | D:6      | 3877 ||| READING scroll of brand weapon.
  3877 | D:6      | 3877 ||| BRANDING +2 shortbow of electrocution.
  3881 | D:6      | Found a sparkling altar of Nemelex Xobeh.
  3893 | D:6      | Identified the +8 shadow dragon scales "Roisaol" {+Inv
                  | Stlth++++}
  4046 | D:6      | Reached skill level 3 in Dodging
  4071 | D:6      | 4071 ||| DRINKING 2 fuming dark potions.
  4215 | D:7      | 4215 ||| SWAPPING to +0 orcbow.
  4216 | D:7      | 4216 ||| DROPPING +2 shortbow of freezing.
  4255 | D:7      | HP: 14/57 [gnoll/+0 spear[a gnoll bouda] (6)]
  4256 | D:7      | 4256 ||| READING 2 scrolls of teleportation.
  4460 | D:7      | Found a staircase to the Ecumenical Temple.
  4517 | D:7      | Reached * piety under Okawaru
  4662 | D:7      | Reached skill level 1 in Invocations
  4825 | D:7      | Found an ancient bone altar of Kikubaaqudgha.
  4897 | D:7      | 4897 ||| READING 3 scrolls labelled MAACUE RIXOL.
  4998 | D:7      | 4998 ||| READING scroll labelled BEUPSE WEIRURR.
  4999 | D:7      | 4999 ||| READING scroll labelled FASEIF TITZ.
  5000 | D:7      | 5000 ||| READING 4 scrolls of identify.
  5000 | D:7      | 5000 ||| IDENTIFYING ruby potion
  5001 | D:7      | 5001 ||| READING 3 scrolls of identify.
  5001 | D:7      | 5001 ||| IDENTIFYING fuming yellow potion
  5002 | D:7      | 5002 ||| DROPPING 2 scrolls of silence.
  5059 | D:8      | Noticed Gastronok
  5060 | D:8      | 5060 ||| INVOKING Heroism.
  5086 | D:8      | HP: 1/57 [Gastronok (31)]
  5087 | D:8      | 5087 ||| READING scroll of teleportation.
  5088 | D:8      | Killed Gastronok
  5088 | D:8      | Reached ** piety under Okawaru
  5089 | D:8      | Reached skill level 12 in Ranged Weapons
  5089 | D:8      | Reached XP level 10. HP: 2/63 MP: 10/10
  5335 | D:8      | 5335 ||| INVOKING Heroism.
  5360 | D:8      | 5360 ||| Stepping ~*~*~tactically~*~*~ (outnumbered).
  5535 | D:8      | 5535 ||| READING scroll of enchant weapon.
  5535 | D:8      | 5535 ||| ENCHANTING +0 orcbow.
  5548 | D:8      | Found a runed translucent gate.
  5549 | D:8      | Found a runed translucent gate.
  5549 | D:8      | Found a runed translucent gate.
  5555 | D:8      | Found a shadowy altar of Dithmenos.
  5649 | D:8      | Reached skill level 3 in Invocations
  5670 | D:8      | 5670 ||| INVOKING Heroism.
  5687 | D:8      | 5687 ||| FLEEEEING.
  5689 | D:8      | 5689 ||| FLEEEEING.
  5690 | D:8      | 5690 ||| FLEEEEING.
  5694 | D:8      | 5694 ||| FLEEEEING.
  5695 | D:8      | 5695 ||| FLEEEEING.
  5696 | D:8      | 5696 ||| FLEEEEING.
  5701 | D:8      | 5701 ||| FLEEEEING.
  5702 | D:8      | 5702 ||| FLEEEEING.
  5703 | D:8      | 5703 ||| FLEEEEING.
  5704 | D:8      | 5704 ||| FLEEEEING.
  5705 | D:8      | 5705 ||| FLEEEEING.
  5706 | D:8      | 5706 ||| INVOKING Heroism.
  5749 | D:8      | 5749 ||| INVOKING Heroism.
  5786 | D:8      | Killed an unseen horror
  5788 | D:8      | 5788 ||| FLEEEEING.
  5797 | D:8      | 5797 ||| INVOKING Heroism.
  5817 | D:8      | 5817 ||| FLEEEEING.
  5818 | D:8      | 5818 ||| FLEEEEING.
  5819 | D:8      | 5819 ||| FLEEEEING.
  5820 | D:8      | 5820 ||| FLEEEEING.
  5821 | D:8      | 5821 ||| FLEEEEING.
  5822 | D:8      | 5822 ||| FLEEEEING.
  5823 | D:8      | 5823 ||| FLEEEEING.
  5824 | D:8      | 5824 ||| FLEEEEING.
  5826 | D:8      | 5826 ||| FLEEEEING.
  5827 | D:8      | 5827 ||| FLEEEEING.
  5828 | D:8      | 5828 ||| FLEEEEING.
  5830 | D:8      | 5830 ||| FLEEEEING.
  5831 | D:8      | 5831 ||| FLEEEEING.
  5832 | D:8      | 5832 ||| FLEEEEING.
  5833 | D:8      | 5833 ||| FLEEEEING.
  5834 | D:8      | 5834 ||| FLEEEEING.
  5835 | D:8      | 5835 ||| FLEEEEING.
  5836 | D:8      | 5836 ||| FLEEEEING.
  5837 | D:8      | 5837 ||| FLEEEEING.
  5838 | D:8      | 5838 ||| FLEEEEING.
  5839 | D:8      | 5839 ||| FLEEEEING.
  5840 | D:8      | 5840 ||| FLEEEEING.
  5841 | D:8      | 5841 ||| FLEEEEING.
  5842 | D:8      | 5842 ||| FLEEEEING.
  5843 | D:8      | 5843 ||| FLEEEEING.
  5844 | D:8      | 5844 ||| FLEEEEING.
  5845 | D:8      | 5845 ||| FLEEEEING.
  5846 | D:8      | 5846 ||| FLEEEEING.
  5847 | D:8      | 5847 ||| FLEEEEING.
  5848 | D:8      | 5848 ||| FLEEEEING.
  5849 | D:8      | 5849 ||| FLEEEEING.
  5850 | D:8      | 5850 ||| FLEEEEING.
  5851 | D:8      | 5851 ||| FLEEEEING.
  5852 | D:8      | 5852 ||| FLEEEEING.
  5853 | D:8      | 5853 ||| FLEEEEING.
  5854 | D:8      | 5854 ||| FLEEEEING.
  5855 | D:8      | 5855 ||| FLEEEEING.
  5856 | D:8      | 5856 ||| FLEEEEING.
  5857 | D:8      | 5857 ||| STAIRDANCE
  5931 | D:7      | 5931 ||| UPGRADING to +1 hat of willpower.
  5936 | D:7      | 5936 ||| READING 2 scrolls of identify.
  5936 | D:7      | 5936 ||| IDENTIFYING puce potion
  5937 | D:7      | 5937 ||| DROPPING potion of ambrosia.
  5957 | D:8      | Noticed qw's ghost (novice GrFi)
  6015 | D:8      | 6015 ||| INVOKING Heroism.
  6355 | D:8      | Found a viscous altar of Jiyva.
  6367 | D:9      | 6367 ||| INVOKING Heroism.
  6382 | D:9      | 6382 ||| STAIRDANCE
  6387 | D:8      | HP: 12/64 [hornet (11)]
  6388 | D:8      | 6388 ||| READING scroll of teleportation.
  6655 | D:9      | Reached skill level 13 in Ranged Weapons
  6656 | D:9      | 6656 ||| STAIRDANCE
  6658 | D:8      | 6658 ||| INVOKING Heroism.
  6784 | D:9      | Noticed Prince Ribbit
  6801 | D:9      | 6801 ||| STAIRDANCE
  6803 | D:8      | Killed Prince Ribbit
  6804 | D:8      | Reached skill level 9 in Fighting
  6812 | D:8      | Reached *** piety under Okawaru
  6813 | D:8      | Reached XP level 11. HP: 57/71 MP: 14/14
  6950 | D:9      | 6950 ||| INVOKING Heroism.
  6974 | D:9      | Found a glowing golden altar of the Shining One.
  7075 | D:9      | Found a staircase to the Lair.
  7160 | D:9      | 7160 ||| INVOKING Heroism.
  7287 | D:9      | Noticed qw's ghost (novice GrFi)
  7290 | D:9      | Found a runed translucent door.
  7376 | D:9      | Found a broken altar of Ashenzari.
  7449 | D:9      | 7449 ||| PLANNING LAIR
  7449 | D:9      | 7449 ||| UPGRADING to +6 ring of dexterity.
  7450 | D:9      | 7450 ||| DROPPING +4 ring of protection.
  7451 | D:9      | 7451 ||| READING 3 scrolls of identify.
  7451 | D:9      | 7451 ||| IDENTIFYING blue potion
  7452 | D:9      | 7452 ||| DROPPING potion of brilliance.
  7487 | Lair:1   | Entered Level 1 of the Lair of Beasts
  7537 | Lair:1   | 7537 ||| INVOKING Heroism.
  7546 | Lair:1   | Reached skill level 14 in Ranged Weapons
  7673 | Lair:1   | 7673 ||| INVOKING Heroism.
  7753 | Lair:1   | 7753 ||| INVOKING Heroism.
  7777 | Lair:1   | Reached skill level 6 in Dodging
  7780 | Lair:1   | Reached **** piety under Okawaru
  7855 | Lair:1   | Identified the +8 rapier of the Elven Halls {distort,
                  | +Blink rF- Int-2 Stlth+}
  7915 | Lair:1   | 7915 ||| INVOKING Heroism.
  7974 | Lair:1   | 7974 ||| INVOKING Heroism.
  8085 | Lair:1   | 8085 ||| INVOKING Heroism.
  8225 | Lair:1   | Reached skill level 6 in Invocations
  8570 | Lair:1   | 8570 ||| READING scroll labelled QIUBEU WUSI.
  8571 | Lair:1   | 8571 ||| READING scroll labelled YGUPPO TEPUEH.
  8671 | Lair:2   | Reached XP level 12. HP: 77/77 MP: 16/16
  8674 | Lair:2   | 8674 ||| INVOKING Heroism.
  8696 | Lair:2   | Reached ***** piety under Okawaru
  8765 | Lair:2   | 8765 ||| INVOKING Heroism.
  8786 | Lair:2   | 8786 ||| INVOKING Heroism.
  8944 | Lair:2   | 8944 ||| INVOKING Heroism.
  9076 | Lair:2   | 9076 ||| INVOKING Heroism.
  9263 | Lair:2   | 9263 ||| INVOKING Heroism.
  9288 | Lair:2   | 9288 ||| INVOKING Heroism.
  9297 | Lair:2   | Reached skill level 15 in Ranged Weapons
  9353 | Lair:2   | 9353 ||| INVOKING Heroism.
  9568 | Lair:2   | 9568 ||| DROPPING scarf of harm.
  9569 | Lair:2   | 9569 ||| READING scroll labelled HAUGIYSOI.
  9570 | Lair:2   | 9570 ||| READING 5 scrolls of identify.
  9570 | Lair:2   | 9570 ||| IDENTIFYING fizzy black potion
  9571 | Lair:2   | 9571 ||| DROPPING potion of enlightenment.
  9594 | Lair:3   | Noticed a skyshark
  9595 | Lair:3   | 9595 ||| PLANNING GAUNTLET
  9606 | Lair:3   | Killed a skyshark
  9607 | Lair:3   | Reached skill level 9 in Invocations
  9629 | Lair:3   | 9629 ||| INVOKING Heroism.
  9631 | Lair:3   | Identified the +2 hat "Cotamavyi" {Harm Regen+ Str-3
                  | Slay+5} (Okawaru gifted it to you on level 3 of the Lair of
                  | Beasts)
  9631 | Lair:3   | Received a gift from Okawaru
  9653 | Lair:3   | Found a hole to the Spider Nest.
  9692 | Lair:3   | 9692 ||| INVOKING Heroism.
  9760 | Lair:3   | 9760 ||| INVOKING Heroism.
  9773 | Lair:3   | Reached XP level 13. HP: 49/82 MP: 20/20
  9775 | Lair:3   | Reached skill level 16 in Ranged Weapons
  9881 | Lair:3   | Found a gate leading to a gauntlet.
  9882 | Lair:3   | 9882 ||| READING 4 scrolls of identify.
  9882 | Lair:3   | 9882 ||| IDENTIFYING bubbling sapphire potion
  9883 | Lair:3   | 9883 ||| DROPPING potion of degeneration.
  9892 | Gauntlet | Entered a Gauntlet
  9892 | Gauntlet | Found a large runed translucent door.
  9892 | Gauntlet | Found a large runed translucent door.
  9892 | Gauntlet | Found a large runed translucent door.
  9892 | Gauntlet | Found a large runed translucent door.
  9892 | Gauntlet | Found a large runed translucent door.
  9892 | Gauntlet | Found a large runed translucent door.
  9892 | Gauntlet | Found a runed translucent door.
  9892 | Gauntlet | Found a transporter.
  9892 | Gauntlet | Found a runed translucent door.
  9892 | Gauntlet | Found a large runed translucent door.
  9892 | Gauntlet | Found a large runed translucent door.
  9892 | Gauntlet | Found a large runed translucent door.
  9892 | Gauntlet | Found a large runed translucent door.
  9892 | Gauntlet | Found a large runed translucent door.
  9892 | Gauntlet | Found a large runed translucent door.
  9901 | Gauntlet | Found a transporter.
  9916 | Gauntlet | Found a transporter.
  9917 | Gauntlet | Found a transporter.
  9937 | Gauntlet | Found a transporter.
  9950 | Gauntlet | Found a transporter.
  9963 | Gauntlet | Found a transporter.
  9980 | Gauntlet | Found a transporter.
  9984 | Gauntlet | Found a transporter.
  9992 | Gauntlet | Found a transporter.
 10005 | Gauntlet | Found a large runed translucent door.
 10006 | Gauntlet | Found a large runed translucent door.
 10008 | Gauntlet | Found a runed translucent gate.
 10009 | Gauntlet | Noticed a dire elephant
 10017 | Gauntlet | Found a runed translucent gate.
 10017 | Gauntlet | Found a transporter.
 10017 | Gauntlet | Found a transporter.
 10018 | Gauntlet | Found a runed translucent gate.
 10027 | Gauntlet | Found a large runed translucent door.
 10028 | Gauntlet | Found a large runed translucent door.
 10076 | Gauntlet | 10076 ||| INVOKING Heroism.
 10089 | Gauntlet | HP: 11/82 [dire elephant (18)]
 10091 | Gauntlet | Killed a dire elephant
 10097 | Gauntlet | HP: 7/82 [elephant (4)]
 10100 | Gauntlet | Slain by an elephant

Levels and vault maps discovered:
D:1:      ldierk_walled_garden_2, layout_basic, chequers_ecumenical_altar_lobes,
          serial_bayou, serial_bayou_pond_d, serial_bayou_lake_a,
          serial_bayou_crossing, serial_bayou_lagoon_a,
          amcnicky_mini_corridor_feature
D:2:      layout_basic
D:3:      layout_loops_ring, minmay_goblin_kobold_house
D:4:      layout_basic, gammafunk_ghost_mausoleum
D:5:      layout_cave_pools, nicolae_overflow_hidden_temple, st_stairs_13,
          hangedman_abyss_or_decor_passed, uniq_duvessa
D:6:      layout_gridville, mainiacjoe_overflow_alcove_2
D:7:      layout_cave_pools, kiku_gazebo_pond_becter, minmay_temple_entry_hall,
          nrook_campfire, kennysheep_generic_room_10
D:8:      layout_loops_ring, grunt_dithmenos_smoke, special_room
          [special_room_orc], gammafunk_ghost_ooze, uniq_gastronok
D:9:      layout_cave_pools, kennysheep_mini_moat, tso_metal_star,
          due_lair_maze_entry_diamond, hellmonk_ghost_happy_afterlife,
          columned_hall_lemuel, uniq_prince_ribbit1
Lair:1:   layout_loops_ring, infiniplex_staircase_pool, serial_bayou_shore_b
Lair:2:   layout_regular_city
Lair:3:   beast_lair_carwin_large_2, layout_cave_shapes,
          elwin_shoals_entry_rocks, nicolae_spider_entry_lesser_pyramids,
          gauntlet_entry_generic, serial_bayou_pond_c
Gauntlet: minmay_gauntlet_mixed_oops_all_seconds
          [minmay_gauntlet_arena_77_hold_the_fort,
          minmay_gauntlet_arena_make_your_own_arena,
          minmay_gauntlet_arena_77_box, gammafunk_gauntlet_arena_open,
          minmay_gauntlet_arena_77_p_blocks, gammafunk_gauntlet_arena_hedges,
          gauntlet_exit_watery]

Skill      XL: |  1  2  3  4  5  6  7  8  9 10 11 12 13 |
---------------+----------------------------------------+-----
Ranged Weapons | 5 6 7 8 10 12 13 14 15 16 | 16.0
Fighting       | 3 4 5 6 7 9 10 | 10.0
Armour         | 1 2 |  2.4
Dodging        | 2 3 4 6 |  6.7
Invocations    | 1 4 6 10 | 10.0
Stealth        | |  1.1

Action                     |  1- 3 |  4- 6 |  7- 9 | 10-12 | 13-15 || total
---------------------------+-------+-------+-------+-------+-------++-------
   Fire: Shortbow          |    72 |   142 |   197 |       |       ||   411
         Orcbow            |       |       |    85 |   711 |    34 ||   830
 Invoke: Heroism           |       |       |     1 |    27 |     1 ||    29
    Use: Scroll            |     6 |     2 |    10 |     8 |     1 ||    27
         Potion            |       |     1 |     3 |       |       ||     4
 Armour: Leather armour    |     3 |    11 |    85 |   139 |    15 ||   253
  Dodge: Dodged            |    13 |    36 |   219 |   494 |    38 ||   800
  Block: Other             |       |       |    17 |   111 |     9 ||   137
         Reflection        |       |       |     1 |       |       ||     1

Table legend:
 A = Non-vault XP
 B = Vault XP
 C = Vault XP percentage of total XP
 D = Non-vault monster count
 E = Vault monster count
 F = Vault count percentage of total count
                 A         B        C        D         E       F
            +---------+---------+-------+---------+---------+-------
      Total |   26762 |    7429 |  21.7 |     277 |      50 |  15.3
            +---------+---------+-------+---------+---------+-------
        D:1 |      23 |       0 |   0.0 |      14 |       0 |   0.0
        D:2 |      14 |       0 |   0.0 |       9 |       0 |   0.0
        D:3 |     106 |      20 |  15.9 |      18 |      10 |  35.7
        D:4 |    1128 |     347 |  23.5 |      50 |       3 |   5.7
        D:5 |     374 |       0 |   0.0 |      10 |       0 |   0.0
        D:6 |     603 |       0 |   0.0 |      15 |       0 |   0.0
        D:7 |     957 |       0 |   0.0 |      18 |       0 |   0.0
        D:8 |    2346 |    2853 |  54.9 |      40 |      21 |  34.4
        D:9 |    1337 |     798 |  37.4 |      16 |       6 |  27.3
     Lair:1 |    6834 |       0 |   0.0 |      34 |       0 |   0.0
     Lair:2 |    7752 |       0 |   0.0 |      33 |       0 |   0.0
     Lair:3 |    5288 |    1933 |  26.8 |      20 |       8 |  28.6
   Gauntlet |       0 |    1478 | 100.0 |       0 |       2 | 100.0
            +---------+---------+-------+---------+---------+-------
